 Dungeon Crawl Stone Soup version 0.28-a0-769-g550dbda0cd (webtiles) character file.

Game seed: 18001223988143916294

23022 jasper the Cleaver (level 12, -3/98 HPs)
             Began as a Demonspawn Artificer on Oct 31, 2021.
             Was an Elder of Makhleb.
             Slain by a salamander (6 damage)
             ... in a volcano.
             The game lasted 00:25:32 (17328 turns).

jasper the Cleaver (Demonspawn Artificer)          Turns: 17328, Time: 00:25:32

Health: -3/98      AC: 15    Str: 19    XL:     12   Next: 68%
Magic:  18/18      EV:  9    Int: 14    God:    Makhleb [****..]
Gold:   850        SH:  0    Dex: 17    Spells: 11/11 levels left

rFire   + + .      SeeInvis .   v - +5 battleaxe
rCold   + . .      Faith    +   (shield currently unavailable)
rNeg    . . .      Spirit   .   L - +0 plate armour
rPois   +          Reflect  .   (no helmet)
rElec   +          Harm     .   E - +0 cloak
rCorr   +          Rampage  .   (no gloves)
Will    .....                   (no boots)
Stlth   ..........              c - amulet of faith
HPRegen 0.26/turn               q - +6 ring of strength
MPRegen 0.32/turn               o - ring of fire

@: resistant, unable to read
A: hooves 1, spiny 1, magic regeneration, sturdy frame 1, cold resistance 1,
subdued magic 2, inability to read while threatened
a: Renounce Religion, Minor Destruction, Lesser Servant of Makhleb, Major
Destruction


You were in a volcano.
You worshipped Makhleb.
Makhleb was greatly pleased with you.
You visited 3 branches of the dungeon, and saw 14 of its levels.
You also visited: Volcano.

You collected 850 gold pieces.

Inventory:

Hand Weapons
 l - a +0 battleaxe
 v - a +5 battleaxe (weapon)
 Q - a +1 vorpal hunting sling
 S - a +1 dire flail of protection
Missiles
 h - 435 stones (quivered)
 y - 109 sling bullets
 I - 17 poisoned darts
 M - a curare-tipped dart
Armour
 b - a +0 leather armour
 u - a +1 scale mail
 E - a +0 cloak (worn)
 G - a +0 chain mail
 L - a +0 plate armour (worn)
Jewellery
 c - an amulet of faith (around neck)
 f - a ring of ice
 o - a ring of fire (right hand)
 q - a +6 ring of strength (left hand)
 x - a +6 ring of dexterity
 F - an amulet of magic regeneration
 H - a ring of willpower
 N - an amulet of guardian spirit
Wands
 m - a wand of flame (19)
 p - a wand of digging (13)
 C - a wand of polymorph (7)
 P - a wand of paralysis (13)
 V - a wand of mindburst (5)
Scrolls
 a - a scroll of vulnerability
 g - 5 scrolls of teleportation
 i - 2 scrolls of enchant weapon
 n - 9 scrolls of fear
 t - 4 scrolls of blinking
 z - 4 scrolls of enchant armour
 B - 3 scrolls of immolation
 J - 3 scrolls of identify
 O - a scroll of fog
 R - a scroll of amnesia
Potions
 d - a potion of resistance
 s - 2 potions of cancellation
 w - a potion of lignification
 A - 2 potions of brilliance
 D - a potion of degeneration
 K - 3 potions of flight
 U - a potion of magic
Miscellaneous
 e - a piece from Xom's chessboard (15/15)


   Skills:
 + Level 10.3 Fighting
 * Level 12.8 Axes
 - Level 3.0 Slings
 - Level 9.3 Armour
 + Level 3.6 Dodging
 - Level 0.8 Stealth
 - Level 8.4 Invocations
 - Level 3.0 Evocations


You had 11 spell levels left.
You didn't know any spells.
Your spell library contained the following spells:

 Spells                   Type           Power      Damage    Failure   Level
 Magic Dart               Conj           0%         1d3       95%         1
 Slow                     Hex            0%         N/A       95%         1
 Call Imp                 Summ           0%         N/A       99%         2
 Confusing Touch          Hex            0%         N/A       100%        3
 Dazzling Flash           Conj/Hex       0%         N/A       100%        3
 Gell's Gravitas          Tloc           0%         N/A       100%        3
 Lesser Beckoning         Tloc           0%         N/A       100%        3
 Mephitic Cloud           Conj/Pois/Air  0%         N/A       100%        3
 Summon Guardian Golem    Hex/Summ       0%         N/A       100%        3
 Teleport Other           Tloc           0%         N/A       100%        3
 Vampiric Draining        Necr           0%         2d6       100%        3
 Cause Fear               Hex            0%         N/A       100%        4
 Agony                    Necr           0%         N/A       100%        5
 Fireball                 Conj/Fire      0%         3d3       100%        5
 Iskenderun's Battlesphe  Conj           0%         2d6       100%        5
 Silence                  Hex/Air        0%         N/A       100%        5
 Conjure Ball Lightning   Conj/Air       0%         3x3d6     100%        6
 Dragon Form              Tmut           0%         N/A       100%        7
 Orb of Destruction       Conj           0%         N/A       100%        7
 Spellforged Servitor     Conj/Summ      0%         N/A       100%        7
 Dragon's Call            Summ           0%         N/A       100%        9


Dungeon Overview and Level Annotations

Branches:
Dungeon (11/15)            Temple (1/1) D:4            Lair (2/6) D:11
    Orc (0/2) D:11        Volcano (1/1)
  Swamp: Lair:2-4    Shoals: Lair:2-4     Snake: Lair:2-4    Spider: Lair:2-4

Altars:
Ashenzari
Cheibriados
Dithmenos
Elyvilon
Fedhas
Gozag
Hepliaklqana
Kikubaaqudgha
Makhleb
Nemelex Xobeh
Okawaru
Ru
Sif Muna
Trog
Uskayaw
Vehumet
Wu Jian
Xom
Yredelemnul
Zin
The Shining One

Shops:
D:11 *

Annotations:
D:4 Edmund
D:8 Gastronok
D:11 3 runed translucent doors, exclusion: obsidian statue, ytrimaz's ghost, journeyman DsFi


Innate Abilities, Weirdness & Mutations

You have large cloven feet.
You are partially covered in sharp spines.
You regenerate magic rapidly.
Your movements are slightly less encumbered by armour. (ER -2)
Your flesh is cold resistant. (rC+)
Your spells are easier to cast, but less powerful.
You sometimes lose the ability to read scrolls when taking damage.


Message History

You feel threatened and lose the ability to read scrolls!
* * * LOW HITPOINT WARNING * * *
The arrow burns you.
* * * LOW HITPOINT WARNING * * *
The salamander shoots an arrow.
The arrow hits you!
* * * LOW HITPOINT WARNING * * *
There is an open door, spattered with blood here.
The salamander shoots an arrow.
The arrow hits you!
* * * LOW HITPOINT WARNING * * *
The arrow burns you.
* * * LOW HITPOINT WARNING * * *
You close the door.
You take 30 damage, and have 2/98 hp.
MASSIVE DAMAGE!!
Okay, then.
You cannot read scrolls in your current state!
Unknown command.
Okay, then.
You don't have enough health at the moment.
You don't have enough health at the moment.
You feel protected.
A salamander opens the door.
The salamander unwields a +0 shortbow of flaming.
It stops flaming.
The salamander hits you but does no damage.
The salamander is struck by your spines.
The salamander hits you but does no damage.
There is an open door, spattered with blood here.
You cannot read scrolls in your current state!
Unknown command.
Cleave: v) +5 battleaxe
Press: ? - help, Dir - move target, f/p - salamander
Aim: a salamander, quivering arrows (heavily wounded, fast, about 22% to evade your +5 battleaxe)
Okay, then.
Unknown command.
Unknown command.
You slash the salamander! You kick the salamander.
The salamander is severely wounded.
The salamander is struck by your spines.
The salamander hits you.
You die...

≈.≈.§≈...........≈§≈≈.≈..≈§......
≈≈≈§§≈≈≈....§§§≈≈≈§§§§≈§≈≈≈≈...§.
.≈≈≈§≈≈≈≈§§.≈≈§≈≈≈≈≈§§≈≈§§≈≈≈§§..
≈..≈§≈§≈≈§§≈§§§≈≈§≈§§≈§≈§≈≈≈≈≈§≈≈
≈§≈..≈§≈§§≈≈≈§§≈§≈≈≈§≈§§≈≈≈≈≈§§≈≈
≈§≈§≈§§§≈§≈≈≈≈≈§≈≈≈≈§≈§§.≈≈≈≈§≈§≈
§§≈≈§≈§§§§≈.≈≈§≈≈≈≈.§.§§.≈≈≈≈≈≈≈≈
§≈≈§≈§§................§..§§§≈§§≈
§≈≈§≈§≈.########@####### §≈§
§§≈≈§≈..# #N# ≈≈ ≈≈§≈§§≈.# #N# §≈
≈≈≈§≈≈..# #.# §≈ ≈§≈≈≈≈≈.# #.# ≈
≈≈≈≈≈≈..# #.# § ≈≈≈≈≈≈. #)# #)#
...


You could see 2 salamanders.

Vanquished Creatures
  Harold (D:8)
  A hydra (Lair:1)
  A two-headed ogre (D:11)
  A skeletal warrior (D:11)
  A salamander mystic (Volcano)
  An ugly thing (D:11)
  A centaur zombie (D:10)
  A salamander (Volcano)
  Joseph (D:10)
  A black mamba (Lair:1)
  2 cane toads (Lair:1)
  A gargoyle (D:11)
  A rime drake (Lair:1)
  A kobold demonologist (D:9)
  2 komodo dragons
  A hornet (D:7)
  A troll (D:10)
  Sigmund (D:2)
  4 fire bats
  A vampire (D:10)
  2 wyverns (D:10)
  2 shadows
  A wraith (D:11)
  23 yaks
  2 steam dragons
  The ghost of ytrimaz the Chopper, an amateur DsGl (D:4)
  2 vampire mosquitoes (D:10)
  Menkaure (D:6)
  A warg (D:11)
  8 water moccasins
  A black bear (Lair:1)
  3 orc warriors
  An ice beast (D:7)
  2 necrophages
  4 ogres
  4 wolves (Lair:1)
  2 centaurs (D:7)
  4 kobold brigands (D:9)
  4 bullfrogs
  A scorpion (D:3)
  A water moccasin skeleton (D:5)
  3 killer bees (D:7)
  A vampire bat (D:4)
  5 wights
  4 howler monkeys
  2 lava snakes (Volcano)
  2 gnoll shamans
  2 hounds
  4 centaur skeletons
  4 orc priests
  4 iguanas
  5 orc wizards
  2 howler monkey zombies
  10 gnolls
  8 adders
  A shadow imp (D:7)
  A white imp (D:7)
  An ufetubus (D:2)
  An adder skeleton (D:4)
  2 worms
  2 dart slugs
  29 orcs
  8 ball pythons
  5 bat skeletons (D:4)
  A bat zombie (D:4)
  8 endoplasms
  6 giant cockroaches
  11 goblins
  5 hobgoblins
  2 jackals (D:5)
  2 quokkas
  8 bats
  10 frilled lizards
  14 kobolds
  6 rats
  A butterfly (Lair:1)
275 creatures vanquished.

Vanquished Creatures (collateral kills)
  Josephine (D:11)
  Erica (D:11)
  4 skeletal warriors
  A cyclops (D:11)
  Maurice (D:8)
  Maggie (D:7)
  3 wraiths (D:11)
  3 yaks (D:9)
  A basilisk (D:9)
  An orc warrior (D:9)
  2 wights
  2 centaur zombies
  2 orc priests (D:9)
23 creatures vanquished.

Vanquished Creatures (others)
  A yak (D:8)
  A water moccasin (D:7)
  An orc warrior (D:7)
  A sky beast (D:7)
  A centaur (D:7)
  2 wights (D:7)
  2 hounds (D:7)
  An iguana (D:7)
  3 fungi (Lair:1)
  10 plants
  5 withered plants (D:2)
28 creatures vanquished.

Grand Total: 326 creatures vanquished

Notes
Turn   | Place    | Note
-------+----------+-------------------------------------------
     0 | D:1      | jasper the Demonspawn Artificer began the quest for the
                  | Orb.
     0 | D:1      | Reached XP level 1. HP: 15/15 MP: 1/1
    37 | D:1      | Reached skill level 1 in Dodging
   108 | D:1      | Gained mutation: You regenerate magic rapidly. [demonic
                  | ancestry]
   108 | D:1      | Reached XP level 2. HP: 13/21 MP: 2/2
   798 | D:2      | Gained mutation: You are partially covered in sharp spines.
                  | [demonic ancestry]
   798 | D:2      | Reached XP level 3. HP: 27/27 MP: 3/3
   801 | D:2      | Reached skill level 1 in Slings
  1007 | D:2      | Noticed Sigmund
  1310 | D:3      | Found a blossoming altar of Fedhas.
  1413 | D:3      | Reached XP level 4. HP: 33/33 MP: 4/4
  1760 | D:3      | Noticed a scorpion
  1781 | D:3      | Killed a scorpion
  1782 | D:3      | Gained mutation: Your movements are slightly less
                  | encumbered by armour. (ER -2) [demonic ancestry]
  1782 | D:3      | Reached XP level 5. HP: 38/38 MP: 5/5
  1922 | D:4      | Found a staircase to the Ecumenical Temple.
  1932 | Temple   | Entered the Ecumenical Temple
  2017 | Temple   | Became a worshipper of Makhleb the Destroyer
  2147 | D:4      | Noticed an ogre
  2204 | D:4      | Found a runed translucent door.
  2215 | D:4      | Noticed ytrimaz's ghost (amateur DsGl)
  2289 | D:4      | Found a runed translucent door.
  2464 | D:4      | Found an ancient bone altar of Kikubaaqudgha.
  2467 | D:4      | Reached skill level 1 in Invocations
  2664 | D:5      | Entered Level 5 of the Dungeon
  2664 | D:5      | Noticed Edmund
  2750 | D:5      | Reached XP level 6. HP: 30/46 MP: 5/7
  2938 | D:5      | Reached skill level 1 in Axes
  3567 | D:6      | Reached skill level 2 in Axes
  3631 | D:6      | Noticed a steam dragon
  3633 | D:6      | Found a shimmering blue altar of Sif Muna.
  3685 | D:6      | Reached * piety under Makhleb
  3919 | D:6      | Noticed Menkaure
  3932 | D:6      | Killed Menkaure
  3933 | D:6      | Reached XP level 7. HP: 7/53 MP: 8/8
  4280 | D:6      | Found a shadowy altar of Dithmenos.
  4711 | D:6      | Found a hazy altar of Hepliaklqana.
  5040 | D:7      | Reached skill level 3 in Axes
  5493 | D:7      | Reached skill level 4 in Axes
  5493 | D:7      | Reached XP level 8. HP: 61/61 MP: 9/9
  5568 | D:7      | Gained mutation: Your spells are a little easier to cast,
                  | but a little less powerful. [potion of mutation]
  5568 | D:7      | Gained mutation: Your flesh is cold resistant. (rC+)
                  | [potion of mutation]
  5704 | D:7      | Noticed Harold
  5892 | D:7      | Reached skill level 5 in Axes
  5913 | D:7      | Reached skill level 5 in Fighting
  6223 | D:7      | Reached skill level 5 in Armour
  6443 | D:7      | Found an iron altar of Okawaru.
  6459 | D:7      | Reached ** piety under Makhleb
  6469 | D:7      | Reached skill level 6 in Axes
  6746 | D:7      | Found a shimmering altar of Xom.
  6748 | D:7      | Noticed a hornet
  6757 | D:7      | Killed a hornet
  6758 | D:7      | Reached XP level 9. HP: 69/69 MP: 10/10
  7015 | D:8      | Reached skill level 7 in Axes
  7575 | D:4      | Killed ytrimaz's ghost
  7881 | D:2      | Found a faded altar of an unknown god.
  8014 | D:2      | Killed Sigmund
  8471 | D:8      | Reached skill level 8 in Axes
  8482 | D:8      | Gained mutation: You have large cloven feet. [demonic
                  | ancestry]
  8482 | D:8      | Reached XP level 10. HP: 46/79 MP: 11/11
  8484 | D:8      | Reached *** piety under Makhleb
  8792 | D:8      | Gained mutation: Your spells are easier to cast, but less
                  | powerful. [a neqoxec]
  8793 | D:8      | Gained mutation: You sometimes lose the ability to read
                  | scrolls when taking damage. [a neqoxec]
  8945 | D:8      | Killed Harold
  8982 | D:8      | Noticed Maggie
  9061 | D:8      | Noticed Gastronok
  9072 | D:7      | Killed Maggie
  9488 | D:8      | Noticed Maurice
  9644 | D:8      | Killed Maurice
 10213 | D:9      | Reached skill level 9 in Axes
 10890 | D:9      | Noticed a sixfirhy
 10897 | D:9      | Reached **** piety under Makhleb
 11292 | D:10     | Entered Level 10 of the Dungeon
 11589 | D:10     | Reached XP level 11. HP: 58/86 MP: 17/17
 12355 | D:10     | Found a snail-covered altar of Cheibriados.
 12446 | D:10     | Found a sparkling altar of Nemelex Xobeh.
 12448 | D:10     | Noticed Joseph
 12457 | D:10     | Killed Joseph
 12656 | D:11     | Noticed a skeletal warrior
 12667 | D:11     | Killed a skeletal warrior
 12668 | D:11     | Reached skill level 10 in Axes
 12668 | D:11     | Noticed a skeletal warrior
 12921 | D:11     | Noticed a skeletal warrior
 12921 | D:11     | Noticed a skeletal warrior
 12946 | D:10     | Killed a skeletal warrior
 13420 | D:11     | Identified the +0 dagger "Kyugah" {spect, Fragile rPois
                  | Int+4}
 13443 | D:11     | Killed a skeletal warrior
 13491 | D:11     | Noticed a skeletal warrior
 13496 | D:11     | Killed a skeletal warrior
 13651 | D:11     | Noticed a two-headed ogre
 13659 | D:11     | Killed a two-headed ogre
 13884 | D:11     | Found a staircase to the Lair.
 14185 | D:11     | Noticed a green ugly thing
 14208 | D:11     | Killed a green ugly thing
 14209 | D:11     | Reached skill level 11 in Axes
 14246 | D:11     | Found a runed translucent gate.
 14246 | D:11     | Found a runed translucent gate.
 14247 | D:11     | Found a runed translucent gate.
 14249 | D:11     | Found an opulent altar of Gozag.
 14250 | D:11     | Noticed an obsidian statue
 14250 | D:11     | Noticed ytrimaz's ghost (journeyman DsFi)
 14251 | D:11     | Noticed a war gargoyle
 14252 | D:11     | Found Gotedeyc's Assorted Antiques.
 14259 | D:11     | Noticed Josephine
 14274 | D:11     | Killed Josephine
 14447 | D:11     | Killed a skeletal warrior
 14448 | D:11     | Reached XP level 12. HP: 21/95 MP: 18/18
 14853 | D:11     | Noticed Erica
 14860 | D:11     | Killed Erica
 15079 | D:11     | Found a staircase to the Orcish Mines.
 15636 | Lair:1   | Entered Level 1 of the Lair of Beasts
 16167 | Lair:1   | Reached skill level 12 in Axes
 16391 | Lair:1   | Reached skill level 10 in Fighting
 16635 | Lair:1   | Noticed an eight-headed hydra
 16643 | Lair:1   | Killed an eight-headed hydra
 17012 | Lair:2   | Found a dark tunnel.
 17028 | Volcano  | Entered a volcano
 17287 | Volcano  | Found a bloodstained altar of Trog.
 17323 | Volcano  | HP: 3/98 [salamander/arrow (10)]
 17323 | Volcano  | HP: 1/98 [salamander/arrow (2)]
 17328 | Volcano  | Slain by a salamander

Illustrated notes

Levels and vault maps discovered:
D:1:      nzn_arrival_settlement, layout_rooms, minmay_vboxes
D:2:      layout_loops_ring, ebering_ecumenical_altar_petrified,
          nrook_mini_backslash, grunt_decor_arrowhead, minmay_hexomino_c4,
          uniq_sigmund
D:3:      layout_rooms, fedhas_altar_4, serial_rivers,
          chequers_serial_rivers_micro_d, chequers_serial_rivers_large_b,
          chequers_serial_rivers_small_a, chequers_serial_rivers_micro_c,
          grunt_ministairs_9
D:4:      layout_loops_ring, kennysheep_vampire_church,
          minmay_temple_entry_ruins, ebering_ghost_sewer_f, moated_statue
D:5:      layout_basic, serial_bayou_lagoon_a, uniq_edmund
D:6:      layout_loops_ring, mainiacjoe_overflow_boulevard,
          nicolae_hepliaklqana_hippocampus, mainiacjoe_overflow_catwalk_spiral,
          minmay_misc_feat_cross, uniq_menkaure
D:7:      layout_loops_ring, xom_confusion_cloud, lemuel_tele_altar,
          minmay_between, uniq_harold
D:8:      layout_basic, hangedman_decor_growths, uniq_maggie, uniq_maurice,
          uniq_gastronok
D:9:      layout_loops_ring, minmay_diced_spiral
D:10:     layout_long_grid, nemelex_diamond_rough_becter, pf_just_have_faith,
          uniq_joseph
D:11:     layout_long_grid, david_lair_shrubbed, david_orc_1_choice,
          ebering_ghost_gozag, uniq_erica, uniq_josephine
Temple:   minmay_temple_bridge_abc
Lair:1:   layout_chaotic_city, cheibrodos_lair_reptile_den,
          serial_bayou_shore_b, lemuel_fruit_tree, lemuel_fruit_fields
Lair:2:   layout_layer_cave, nicolae_volcano_entry_batcave, hibernation_bobbens
Volcano:  volcano_lake [vl_original]

Skill      XL: |  1  2  3  4  5  6  7  8  9 10 11 12 |
---------------+-------------------------------------+-----
Dodging        | 1 2 3 |  3.6
Armour         | 2 3 4 5 6 7 8 9 |  9.3
Slings         | 2 3 |  3.0
Fighting       | 2 3 4 5 7 9 10 | 10.3
Invocations    | 1 8 |  8.4
Axes           | 2 4 6 8 9 11 12 | 12.8
Stealth        | |  0.8
Evocations     | |  3.0

Action                   |  1- 3 |  4- 6 |  7- 9 | 10-12 || total
-------------------------+-------+-------+-------+-------++-------
Melee: Club              |    41 |       |       |       ||    41
       Dagger            |       |    15 |       |       ||    15
       War axe           |       |     5 |     4 |       ||     9
       Battleaxe         |       |       |   115 |   312 ||   427
       Kick              |       |       |       |   137 ||   137
       Dire flail        |       |       |       |     4 ||     4
 Fire: Hunting sling     |    62 |   143 |   106 |     7 ||   318
Throw: Stone             |       |       |     1 |     7 ||     8
       Dart              |       |       |       |     5 ||     5
Invok: Lesser Servant of |       |       |       |    22 ||    22
Evoke: Wand              |    15 |     5 |    28 |     5 ||    53
       Piece from Xom's  |       |     1 |     2 |     1 ||     4
  Use: Scroll            |     2 |     8 |     3 |     7 ||    20
       Potion            |       |       |     3 |    12 ||    15
 Stab: Sleeping          |     1 |       |       |       ||     1
       Petrified         |       |     5 |     3 |       ||     8
       Paralysed         |       |       |       |     4 ||     4
       Distracted        |       |       |       |     3 ||     3
Armor: Leather armour    |    22 |     3 |       |       ||    25
       Scale mail        |       |    32 |    56 |       ||    88
       Chain mail        |       |       |    10 |    25 ||    35
       Plate armour      |       |       |       |   131 ||   131
Dodge: Dodged            |    33 |    57 |   110 |   132 ||   332

Table legend: (Time is in decaauts)
 A = Elapsed time spent in this place.
 B = Non-inter-level travel time spent in this place.
 C = Inter-level travel time spent in this place.
 D = Time resting spent in this place.
 E = Time spent auto-exploring this place.
 F = Levels seen in this place.
 G = Mean time per level.
                   A        B        C        D        E       F      G
               +--------+--------+--------+--------+--------+-----+--------+
         Total |  17494 |  16637 |    857 |   4142 |   9655 |  15 | 1166.3 |
       Dungeon |  15775 |  14952 |    823 |   4068 |   8387 |  11 | 1434.1 |
        Temple |    105 |     86 |     19 |      0 |     65 |   1 |  105.0 |
          Lair |   1312 |   1298 |     14 |     19 |   1065 |   2 |  656.0 |
       Volcano |    301 |    301 |      0 |     55 |    138 |   1 |  301.0 |
               +--------+--------+--------+--------+--------+-----+--------+

Top non-repeatable levels by time:
     D:7: 2959 daAuts
    D:11: 2466 daAuts
    D:10: 1800 daAuts
     D:9: 1724 daAuts
     D:6: 1501 daAuts
  Lair:1: 1268 daAuts
     D:5: 1094 daAuts
     D:3: 957 daAuts
     D:4: 854 daAuts
     D:2: 848 daAuts
     D:1: 792 daAuts
     D:8: 775 daAuts
 Volcano: 301 daAuts
  Temple: 105 daAuts
  Lair:2: 44 daAuts
